 Dungeon Crawl Stone Soup version 0.28.0-53-g5a82cb258f (webtiles) character file.

Game seed: 11429098749369671878

2122 Gurantaxtaxq the Destroyer (level 9, -3/45 HPs)
             Began as a Tengu Conjurer on Aug 13, 2022.
             Slain by a bog mummy (6 damage)
             ... in an ossuary.
             The game lasted 00:57:22 (7427 turns).

Gurantaxtaxq the Destroyer (Tengu Conjurer)         Turns: 7427, Time: 00:57:22

Health: -3/45      AC:  2    Str: 14    XL:     9   Next: 29%
Magic:  12/29      EV: 17    Int: 27    God:
Gold:   276        SH:  0    Dex: 12    Spells: 14/21 levels left

rFire   + . .      SeeInvis .   e - staff of air
rCold   . . .      Faith    .   (no shield)
rNeg    . . .      Spirit   .   a - +0 robe
rPois   .          Reflect  .   (helmet restricted)
rElec   +          Harm     .   (no cloak)
rCorr   .          Rampage  .   (no gloves)
Will    .....                   (boots unavailable)
Stlth   ++........              (no amulet)
HPRegen 0.15/turn               o - ring of Noucziwi {rF+ MP+9 Str+6 Int+4}
MPRegen 0.21/turn               (no ring)

@: flying quickly and evasively, quick
A: beak, talons 3, nimble flight
a: no special abilities


You were in an ossuary.
You visited 1 branch of the dungeon, and saw 6 of its levels.
You also visited: Ossuary.

You collected 276 gold pieces.

Inventory:

Hand Weapons
 b - a +0 dagger
 t - a +0 whip of flaming
 B - a +4 flail
Missiles
 d - 118 stones
 x - 5 poisoned darts
 C - a boomerang
Armour
 a - a +0 robe (worn)
 g - a +0 pair of boots
 u - a +0 tower shield
Magical Staves
 e - a staff of air (weapon)
 s - a staff of fire
Jewellery
 o - the ring of Noucziwi (left hand) {rF+ MP+9 Str+6 Int+4}
   (You found it on level 2 of the Dungeon)

   [ring of strength]

   Str:       It affects your strength (+6).
   Int:       It affects your intelligence (+4).
   rF:        It protects you from fire.
   MP:        It affects your magic capacity (+9).
Wands
 q - a wand of flame (55)
Scrolls
 c - 2 scrolls of teleportation
 h - 2 scrolls of vulnerability
 k - 2 scrolls of immolation
 m - a scroll of magic mapping {unknown}
 n - a scroll of fog {unknown}
 p - 2 scrolls of noise
 r - a scroll of enchant armour {unknown}
 y - a scroll of holy word {unknown}
Potions
 f - a potion of haste {unknown}
 i - 2 potions of might
 j - 2 potions of heal wounds {unknown}
 l - 3 potions of resistance
 v - a potion of brilliance {unknown}
 w - 2 potions of flight
 z - a potion of curing {unknown}
 A - a potion of berserk rage {unknown}


   Skills:
 + Level 7.8 Dodging
 - Level 2.0 Stealth
 + Level 6.6 Spellcasting
 + Level 10.5 Conjurations


You had 14 spell levels left.
You knew the following spells:

 Your Spells              Type           Power      Damage    Failure   Level
a - Magic Dart            Conj           100%       1d8       1%          1
b - Searing Ray           Conj           100%       2d8       1%          2
c - Fulminant Prism       Conj/Hex       18%        3d11      7%          4

Your spell library contained the following spells:

 Spells                   Type           Power      Damage    Failure   Level
 Dazzling Flash           Conj/Hex       74%        N/A       1%          3
 Animate Skeleton         Necr           18%        N/A       6%          1
 Pain                     Necr           36%        1d5       6%          1
 Iskenderun's Mystic Bla  Conj/Tloc      37%        2d9       7%          4
 Inner Flame              Hex/Fire       9%         N/A       19%         3
 Vampiric Draining        Necr           9%         2d6       19%         3
 Cause Fear               Hex            4%         N/A       52%         4
 Discord                  Hex            4%         N/A       100%        8


Dungeon Overview and Level Annotations

Branches:
Dungeon (6/15)            Ossuary (1/1)
 Temple: D:4-7

Altars:
Ashenzari
Dithmenos
Elyvilon
Qazlal
Xom
Zin

Annotations:
D:5 1 runed translucent door, Crazy Yiuf


Innate Abilities, Weirdness & Mutations

You have a beak for a mouth.
You have claws for feet.
Your magical nature lets you fly swiftly and evasively.


Message History

The hornet zombie is severely damaged.
The hornet zombie closely misses you.
The searing ray misses the hornet zombie.
The hornet zombie hits you.
The searing ray hits the hornet zombie.
The hornet zombie is severely damaged.
You finish channelling your searing ray.
The hornet zombie misses you. The hornet zombie hits you!
Aiming: Searing Ray (safe; 1% risk of failure)
Press: ? - help, Q - select action, (/) - cycle Shift-Dir - straight line, f/p - hornet zombie
Aim: a hornet zombie (severely damaged, 85% to hit)
The searing ray hits the hornet zombie.
The hornet zombie is almost destroyed. (Press . to maintain the ray.)
The hornet zombie hits you!
The searing ray hits the hornet zombie.
The hornet zombie is almost destroyed.
The hornet zombie hits you!
* * * LOW HITPOINT WARNING * * *
The searing ray hits the hornet zombie!
You destroy the hornet zombie!
Restarting spell: Searing Ray (safe; 1% risk of failure)
Press: ? - help, Q - select action, (/) - cycle Shift-Dir - straight line, f - bog mummy
Aim: a bog mummy (92% to hit)
The searing ray hits the bog mummy.
The bog mummy is lightly damaged. (Press . to maintain the ray.)
The searing ray hits the bog mummy.
The bog mummy is lightly damaged.
The bog mummy hits you.
* * * LOW HITPOINT WARNING * * *
The searing ray hits the bog mummy.
The bog mummy is moderately damaged.
A mummy comes into view.
The searing ray hits the bog mummy.
The bog mummy is heavily damaged.
You finish channelling your searing ray.
A bog mummy comes into view.
The bog mummy hits you.
You die...

+.# ###.# M#
#.'.+ .'
###.#####.#
#.'.#..∩#.#
###.'.∩.#.#
#.'.#...#.#
###.#####M#####M
#.'.....@.......
###+#+#'#'#'#'#'
#.#.# #####


You could see a mummy and 2 bog mummies.

Vanquished Creatures
  A water moccasin (D:5)
  2 hornet zombies (Ossuary)
  A sky beast (D:5)
  A black bear (D:6)
  A necrophage (D:5)
  4 ogres
  A centaur (D:5)
  A phantom (D:6)
  3 scorpions
  A water moccasin skeleton (D:6)
  2 centaur zombies (Ossuary)
  A bullfrog zombie (D:5)
  2 hounds (D:5)
  5 iguanas
  2 centaur skeletons
  Natasha (thrice) (D:2)
  2 orc wizards
  2 killer bee zombies (Ossuary)
  6 mummies (Ossuary)
  A hound skeleton (D:5)
  A howler monkey zombie (Ossuary)
  6 adders
  7 gnolls
  An ufetubus (D:4)
  An adder skeleton (D:4)
  2 worms
  3 dart slugs
  8 orcs
  12 ball pythons
  5 endoplasms
  5 giant cockroaches
  13 goblins
  5 hobgoblins
  5 jackals (D:1)
  5 quokkas
  3 bats (D:2)
  A frilled lizard (D:1)
  5 kobolds
  3 rats
133 creatures vanquished.

Vanquished Creatures (others)
  10 withered plants (Ossuary)
10 creatures vanquished.

Grand Total: 143 creatures vanquished

Notes
Turn   | Place    | Note
-------+----------+-------------------------------------------
     0 | D:1      | Gurantaxtaxq the Tengu Conjurer began the quest for the
                  | Orb.
     0 | D:1      | Reached XP level 1. HP: 10/10 MP: 4/4
   353 | D:1      | Reached XP level 2. HP: 15/15 MP: 4/6
   675 | D:1      | Learned a level 2 spell: Searing Ray
   945 | D:1      | Reached XP level 3. HP: 19/19 MP: 5/7
  1682 | D:2      | Reached skill level 6 in Conjurations
  1811 | D:2      | Identified the ring of Noucziwi {rF+ MP+9 Str+6 Int+4}
  1819 | D:2      | Noticed Natasha
  1820 | D:2      | Reached XP level 4. HP: 24/24 MP: 4/9
  1833 | D:2      | Killed Natasha
  2248 | D:2      | Noticed Natasha
  2249 | D:2      | Found a faded altar of an unknown god.
  2256 | D:2      | Killed Natasha
  2257 | D:2      | Gained mutation: Your magical nature lets you fly swiftly
                  | and evasively. [Tengu growth]
  2257 | D:2      | Reached XP level 5. HP: 18/28 MP: 6/10
  2416 | D:2      | Learned a level 4 spell: Fulminant Prism
  2493 | D:2      | Noticed Natasha
  2497 | D:2      | Killed Natasha
  3343 | D:3      | Found a white marble altar of Elyvilon.
  3531 | D:4      | Reached skill level 7 in Conjurations
  3531 | D:4      | Reached XP level 6. HP: 23/32 MP: 3/12
  4079 | D:4      | Found a shadowy altar of Dithmenos.
  4193 | D:4      | Reached XP level 7. HP: 36/36 MP: 9/14
  4412 | D:5      | Entered Level 5 of the Dungeon
  4466 | D:5      | Found a stormy altar of Qazlal.
  4499 | D:5      | Reached skill level 5 in Dodging
  4592 | D:5      | Reached skill level 8 in Conjurations
  4965 | D:5      | Found a broken altar of Ashenzari.
  4974 | D:5      | Reached skill level 5 in Spellcasting
  4974 | D:5      | Reached XP level 8. HP: 41/41 MP: 16/16
  5025 | D:5      | Found a runed translucent door.
  5026 | D:5      | Noticed Crazy Yiuf
  5159 | D:5      | Found a glowing silver altar of Zin.
  5473 | D:5      | Reached skill level 9 in Conjurations
  6189 | D:5      | Found a shimmering altar of Xom.
  6642 | D:6      | Reached XP level 9. HP: 16/45 MP: 19/19
  6768 | D:6      | Reached skill level 10 in Conjurations
  6888 | D:6      | Found a sand-covered staircase.
  6943 | Ossuary  | Entered an ossuary
  7425 | Ossuary  | HP: 2/45 [bog mummy (3)]
  7427 | Ossuary  | Slain by a bog mummy

Illustrated notes

Levels and vault maps discovered:
D:1:      dpeg_arrival_tiny_a, layout_basic, serial_glass, glass_columns_b,
          glass_columns_b, minmay_close_crescents
D:2:      layout_rooms, shapermc_ecumenical_altar_notcrosses, st_stairs_7,
          minmay_pentomino_s4, uniq_natasha
D:3:      layout_loops_ring, mainiacjoe_overflow_24_doors,
          kennysheep_generic_room_16
D:4:      layout_loops_ring, nicolae_dithmenos_shadow_blocks
D:5:      kennysheep_six_static_rooms, layout_loops_corners,
          general_overflow_altar, grunt_qazlal_clouds,
          lemuel_coloured_pillars_altar, mainiacjoe_overflow_boulevard,
          uniq_crazy_yiuf_cottage
D:6:      layout_gridville, gammafunk_temple_overflow_pools,
          nicolae_ossuary_entry_plus
Ossuary:  ossuary_zaba_flooded

Skill      XL: |  1  2  3  4  5  6  7  8  9 |
---------------+----------------------------+-----
Dodging        | 3 4 5 7 |  7.8
Conjurations   | 6 7 8 9 10 | 10.5
Spellcasting   | 3 4 5 6 |  6.6
Stealth        | |  2.0

Action                   |  1- 3 |  4- 6 |  7- 9 || total
-------------------------+-------+-------+-------++-------
Melee: Dagger            |     4 |       |       ||     4
       Kick              |     4 |     2 |     3 ||     9
       Staff             |     4 |    12 |    13 ||    29
       Peck              |     2 |       |     5 ||     7
 Cast: Magic Dart        |    61 |    28 |       ||    89
       Searing Ray       |     1 |    29 |    57 ||    87
  Use: Scroll            |       |       |     7 ||     7
 Stab: Sleeping          |     1 |       |       ||     1
Armor: Robe              |       |     1 |     5 ||     6
Dodge: Dodged            |     5 |    26 |    80 ||   111
